 Dungeon Crawl Stone Soup version 0.27-a0-242-ge0fc76b88b (webtiles) character file.

Game seed: 12352889824687612638

89 Borgoz the Slasher (level 4, -3/38 HPs)
             Began as a Ghoul Gladiator on Feb 2, 2021.
             Slain by an orc
             ... wielding a +0 club
              (4 damage)
             ... on level 3 of the Dungeon.
             The game lasted 00:01:42 (2769 turns).

Borgoz the Slasher (Ghoul Gladiator)                Turns: 2769, Time: 00:01:43

Health: -3/38      AC:  4    Str: 17    XL:     4   Next: 55%
Magic:  3/3        EV: 12    Int:  3    God:
Gold:   85         SH:  0    Dex: 11    Spells: 3/3 levels left

rFire    . . .     SeeInvis .   a - +0 long sword
rCold    + . .     Faith    .   (no shield)
rNeg     + + +     Spirit   .   b - +0 leather armour
rPois    ∞         Reflect  .   c - +0 helmet
rElec    .         Harm     .   (no cloak)
rCorr    .         Rampage  .   (no gloves)
Will     .....                  (no boots)
Stlth    +.........             (no amulet)
HPRegen  0.00/turn              (no ring)
MPRegen  0.08/turn              (no ring)

@: flying
A: claws 1, cold resistance 1, negative energy resistance 3, inhibited
regeneration, torment resistance, unbreathing
a: no special abilities


You were on level 3 of the Dungeon.
You visited 1 branch of the dungeon, and saw 3 of its levels.

You collected 85 gold pieces.

Inventory:

Hand Weapons
 a - a +0 long sword (weapon)
Missiles
 d - 3 throwing nets (quivered)
Armour
 b - a +0 leather armour (worn)
 c - a +0 helmet (worn)
Jewellery
 h - a cursed amulet of inaccuracy {unknown}
Scrolls
 f - a scroll of teleportation
Potions
 e - a potion of curing {unknown}


   Skills:
 + Level 3.1 Fighting
 + Level 3.3 Long Blades
 - Level 1.7 Throwing
 + Level 1.5 Armour
 + Level 3.3 Dodging


You had 3 spell levels left.
You didn't know any spells.
Your spell library was empty.

Dungeon Overview and Level Annotations

Branches:
Dungeon (3/15)

Altars:


Innate Abilities, Weirdness & Mutations

You thrive by killing the living.
You are immune to poison.
You have sharp fingernails.
Your flesh is cold resistant. (rC+)
You are immune to negative energy. (rN+++)
You do not regenerate when monsters are visible.
You are immune to unholy pain and torment.
You can survive without breathing.


Message History

The bat closely misses you. The adder barely misses you.
The orc hits you with a +0 club.
* * * LOW HITPOINT WARNING * * *
You closely miss the orc. The bat barely misses you.
The adder barely misses you. The orc hits you with a +0 club.
* * * LOW HITPOINT WARNING * * *
The adder bites you.
* * * LOW HITPOINT WARNING * * *
You completely miss the adder.
The adder is lightly wounded.
The bat hits you but does no damage. The adder bites you.
* * * LOW HITPOINT WARNING * * *
The orc hits you but does no damage. The adder misses you.
You riposte.
You slash the adder!
The adder is almost dead.
It was a potion of flight.
You feel very buoyant.
You fly up into the air.
The bat misses you.
You riposte.
You closely miss the bat. The orc hits you with a +0 club.
You die...

## ... ########### ..#
.. ....#.....## #..> ..
...........## #..# .
....(.......###.# .# ..
...............o##.##)..
...<†..........)@)......
...........[.##.bS.....#
............>....##.....
.............#.[.# ###.
...............###
....#.......#...## #
####...######.#.)##.#
##### #.##....#
#.##.....#


You could see an adder, an orc and a bat.

Vanquished Creatures
  A bullfrog skeleton (D:3)
  2 worms (D:2)
  A leopard gecko (D:3)
  2 orcs (D:3)
  5 bats
  3 giant cockroaches (D:1)
  6 goblins
  6 hobgoblins
  3 jackals (D:1)
  2 quokkas (D:2)
  2 ball pythons
  5 frilled lizards
  6 kobolds
  4 rats
48 creatures vanquished.

Notes
Turn   | Place    | Note
-------+----------+-------------------------------------------
     0 | D:1      | Borgoz the Ghoul Gladiator began the quest for the Orb.
     0 | D:1      | Reached XP level 1. HP: 17/17 MP: 0/0
   396 | D:1      | Reached XP level 2. HP: 25/25 MP: 1/1
  1167 | D:1      | Reached XP level 3. HP: 24/30 MP: 2/2
  1380 | D:1      | Reached skill level 1 in Armour
  2716 | D:3      | Reached XP level 4. HP: 30/38 MP: 3/3
  2768 | D:3      | HP: 1/38 [adder (5)]
  2769 | D:3      | Slain by an orc

Illustrated notes

Levels and vault maps discovered:
D:1:      dpeg_arrival_morbid_curiosity, layout_basic
D:2:      layout_basic
D:3:      layout_rooms, kennysheep_generic_room_15

Skill      XL: |  1  2  3 |
---------------+----------+-----
Long Blades    | 3 |  3.3
Dodging        | 3 |  3.3
Armour         | 1 |  1.5
Fighting       | 3 |  3.1
Throwing       | |  1.7

Action                   |  1- 3 |  4- 6 || total
-------------------------+-------+-------++-------
Melee: Long sword        |   149 |    17 ||   166
  Use: Scroll            |     1 |       ||     1
       Potion            |       |     1 ||     1
Armor: Leather armour    |    63 |     8 ||    71
Dodge: Dodged            |   117 |    29 ||   146
       Rpst.: Long sword |    31 |     7 ||    38

Table legend: (Time is in decaauts)
 A = Elapsed time spent in this place.
 B = Non-inter-level travel time spent in this place.
 C = Inter-level travel time spent in this place.
 D = Time resting spent in this place.
 E = Time spent auto-exploring this place.
 F = Levels seen in this place.
 G = Mean time per level.
                   A        B        C        D        E       F      G
               +--------+--------+--------+--------+--------+-----+--------+
         Total |   2809 |   2753 |     56 |    726 |   1658 |   3 |  936.3 |
       Dungeon |   2809 |   2753 |     56 |    726 |   1658 |   3 |  936.3 |
               +--------+--------+--------+--------+--------+-----+--------+

Top non-repeatable levels by time:
     D:1: 1447 daAuts
     D:2: 1275 daAuts
     D:3: 87 daAuts
